 Dungeon Crawl Stone Soup version 0.24-b1-44-g37ad8b309f (webtiles) character file.

Game seed: 1246648406503694725, levelgen mode: deterministic

435 Emblim88 the Skirmisher (level 6, 0/57 HPs)
             Began as a Minotaur Monk on Oct 23, 2019.
             Slain by an ogre
             ... wielding a +0 giant club
              (8 damage)
             ... on level 4 of the Dungeon.
             The game lasted 00:03:38 (3073 turns).

Emblim88 the Skirmisher (Minotaur Monk)             Turns: 3073, Time: 00:03:39

Health: 0/57       AC:  9    Str: 17    XL:     6   Next: 68%
Magic:  5/5        EV:  8    Int:  7    God:
Gold:   57         SH:  0    Dex: 13    Spells: 5/5 levels left

rFire    . . .     SeeInvis .   a - +0 hand axe
rCold    . . .     Gourm    .   (no shield)
rNeg     + . .     Faith    .   i - +0 chain mail
rPois    .         Spirit   .   (helmet restricted)
rElec    .         Reflect  .   (no cloak)
rCorr    .         Harm     .   (no gloves)
MR       .....     Rnd*Tele +   s - +0 pair of boots
Stlth    ..........             (no amulet)
HPRegen  0.19/turn              q - ring of teleportation (curse)
MPRegen  0.09/turn              f - ring of positive energy

@: heavily drained
A: retaliatory headbutt, horns 2
a: no special abilities


You were on level 4 of the Dungeon.
You were not hungry.

You visited 1 branch of the dungeon, and saw 4 of its levels.

You collected 57 gold pieces.

Inventory:

Hand Weapons
 a - a +0 hand axe (weapon)
Missiles
 p - 26 poisoned darts (quivered)
Armour
 b - a +0 robe
 i - a +0 chain mail (worn)
 s - a +0 pair of boots (worn)
Jewellery
 f - a ring of positive energy (right hand)
 q - a cursed ring of teleportation (left hand)
 r - an uncursed ring of flight
Scrolls
 d - a scroll of remove curse
 e - 2 scrolls of identify
 h - 2 scrolls of amnesia {unknown}
 k - a scroll of immolation
 l - a scroll of enchant weapon {unknown}
 m - a scroll of teleportation
 t - a scroll of random uselessness {unknown}
Potions
 g - a potion of curing
 j - a potion of mutation {unknown}
 o - 2 potions of heal wounds
Comestibles
 c - 5 rations


   Skills:
 + Level 6.0(4.8) Fighting
 + Level 6.0(4.8) Axes
 + Level 5.5(4.3) Dodging
 - Level 1.5(0.4) Stealth


You had 5 spell levels left.
You didn't know any spells.
Your spell library was empty.

Dungeon Overview and Level Annotations

Branches:
Dungeon (4/15)
 Temple: D:4-7

Altars:
Gozag
Nemelex Xobeh


Innate Abilities, Weirdness & Mutations

You reflexively headbutt those who attack you in melee.
You have a pair of horns on your head.


Message History

The ogre hits you with a +0 giant club!
* * * LOW HITPOINT WARNING * * *
You hit the ogre.
The ogre is moderately wounded.
The ogre closely misses you.
Your chain mail prevents you from hitting the ogre.
You headbutt the ogre, but do no damage.
The ogre is moderately wounded.
The ogre hits you with a +0 giant club!
* * * LOW HITPOINT WARNING * * *
You hit the ogre but do no damage. You headbutt the ogre.
The ogre is heavily wounded.
The ogre hits you but does no damage.
You hit the ogre. You headbutt the ogre.
The ogre is severely wounded.
All of the chunks of flesh in your inventory have rotted away.
You hit the ogre.
The ogre is severely wounded.
The ogre hits you with a +0 giant club!
You die...

..##.##..............##.#
#.####.
#........#.#####........#
#.####.
####.......##.......#####
#......
...........##.##.##.#
####### ...........##
#.##.# ###........#
..##.# .##.#.....##
#####.#
.##.##...###..#####.#
.##.#.....##...O@...#
....#.....##......###
.####.^...#######.# .#
#.....# #.# ## #.....#
#.# ####### #.# #.# #.#


You could see an ogre.

Vanquished Creatures
  Edmund (D:4)
  An ogre (D:4)
  A jelly (D:3)
  2 worker ants (D:4)
  2 adders
  10 oozes
  A dart slug (D:1)
  2 leopard geckos
  5 orcs (D:3)
  A ball python (D:1)
  8 bats
  9 giant cockroaches
  9 goblins
  4 hobgoblins
  7 jackals
  16 kobolds
  A quokka (D:2)
  A frilled lizard (D:3)
  A quokka skeleton (D:4)
  7 rats
89 creatures vanquished.

Vanquished Creatures (others)
  9 toadstools (D:3)
9 creatures vanquished.

Grand Total: 98 creatures vanquished

Notes
Turn   | Place    | Note
-------+----------+-------------------------------------------
     0 | D:1      | Emblim88 the Minotaur Monk began the quest for the Orb.
     0 | D:1      | Reached XP level 1. HP: 19/19 MP: 0/0
    70 | D:1      | Reached XP level 2. HP: 16/27 MP: 1/1
   402 | D:1      | Reached XP level 3. HP: 26/33 MP: 2/2
  1130 | D:2      | Reached XP level 4. HP: 40/41 MP: 3/3
  1242 | D:2      | Found a sparkling altar of Nemelex Xobeh.
  1618 | D:3      | Found an opulent altar of Gozag.
  2132 | D:3      | Reached skill level 5 in Fighting
  2132 | D:3      | Reached skill level 5 in Axes
  2132 | D:3      | Reached XP level 5. HP: 26/48 MP: 4/4
  2325 | D:4      | Noticed an ogre
  2334 | D:4      | Killed an ogre
  2334 | D:4      | Reached skill level 5 in Dodging
  2334 | D:4      | Reached XP level 6. HP: 34/56 MP: 5/5
  2461 | D:4      | Noticed Edmund
  2488 | D:4      | Killed Edmund
  3073 | D:4      | Slain by an ogre

Skill      XL: |  1  2  3  4  5  6 |
---------------+-------------------+-----
Fighting       | 4 5 6 |  6.0
Axes           | 4 5 6 |  6.0
Dodging        | 4 5 |  5.5
Stealth        | |  1.5

Action                   |  1- 3 |  4- 6 || total
-------------------------+-------+-------++-------
Melee: Hand axe          |   105 |   164 ||   269
       Headbutt          |     9 |    31 ||    40
  Use: Scroll            |       |     5 ||     5
       Potion            |       |     6 ||     6
 Stab: Sleeping          |     3 |       ||     3
  Eat: Chunk             |     1 |     3 ||     4
       Ration            |       |     1 ||     1
Armor: Robe              |    11 |       ||    11
       Chain mail        |    27 |    75 ||   102
Dodge: Dodged            |    81 |    56 ||   137
